 Dungeon Crawl Stone Soup version 0.20-a0-785-g17250f0 (webtiles) character file.

228648 retryentry the Vampiric Blade (level 18, -8/140 HPs)
             Began as a Vampire Fighter on Feb 27, 2017.
             Was the Champion of Okawaru.
             Killed from afar by an oklob plant (17 damage)
             ... with a splash of acid
             ... on level 6 of the Lair of Beasts on Feb 28, 2017.
             The game lasted 01:30:34 (31965 turns).

retryentry the Vampiric Blade (Vampire Fighter)    Turns: 31965, Time: 01:30:37

Health: -8/140     AC: 12    Str: 17    XL:     18   Next: 27%
Magic:  23/23      EV: 21    Int: 13    God:    Okawaru [******]
Gold:   1867       SH:  0    Dex: 29    Spells: 21/24 levels left

rFire    + + +     SeeInvis +   Z - +9 triple sword (flame)
rCold    + + .     Gourm    .   M - +9 chain mail of Bepsut {rElec rPois Int-2 Dex+5}
rNeg     + + .     Faith    .   (shield currently unavailable)
rPois    +         Spirit   .   B - +0 hat "Uloohed" {MR+ Int+4}
rElec    +         Reflect  .   g - scarf {rC+ rF+}
rCorr    .         Harm     .   Q - +1 pair of gloves {Dex+3}
MR       +++..     Clarity  +   n - +0 pair of boots of Pride {rF++ Regen+ Dex-2 Slay+3}
Stlth    +++.......             C - amulet of regeneration
Regen    0.6/turn               L - ring of protection from magic
MPRegen  0.2/turn               T - ring of the Hippo {rPois rF+ Str+2 Dex+2 Stlth-}

@: corroded, regenerating slowly
A: fangs 3, repulsion field 1, see invisible, clarity, unbreathing
}: 2/15 runes: decaying, serpentine
a: Bat Form, Heroism, Finesse, Renounce Religion


You were on level 6 of the Lair of Beasts.
You worshipped Okawaru.
Okawaru was exalted by your worship.
You were near bloodless.

You visited 5 branches of the dungeon, and saw 31 of its levels.
You visited 1 bazaar.
You also visited: Labyrinth.

You collected 2970 gold pieces.
You spent 1103 gold pieces at shops.

Inventory:

Hand Weapons
 F - the +9 long sword of Defence {slice, rElec Dex+2 Stlth+}
   (You found it on level 8 of the Dungeon)

   It inflicts extra damage upon your enemies.
   It affects your dexterity (+2).
   It insulates you from electricity.
   It makes you more stealthy.
 Z - a +9 triple sword of flaming (weapon)
Missiles
 p - 11 throwing nets (quivered)
Armour
 g - a scarf of resistance (worn)
 n - the +0 pair of boots of Pride (worn) {rF++ Regen+ Dex-2 Slay+3}
   (Okawaru gifted it to you on level 2 of the Swamp)

   It affects your dexterity (-2).
   It affects your accuracy and damage with ranged weapons and melee attacks
   (+3).
   It greatly protects you from fire.
   It increases your rate of regeneration.
 B - the +0 hat "Uloohed" (worn) {MR+ Int+4}
   (Okawaru gifted it to you on level 4 of the Swamp)

   It affects your intelligence (+4).
   It affects your resistance to hostile enchantments.
 M - the +9 chain mail of Bepsut (worn) {rElec rPois Int-2 Dex+5}
   (Okawaru gifted it to you on level 14 of the Dungeon)

   It affects your intelligence (-2).
   It affects your dexterity (+5).
   It insulates you from electricity.
   It protects you from poison.
 Q - a +1 pair of gloves of dexterity (worn)
Jewellery
 w - an uncursed ring of see invisible
 C - an amulet of regeneration (around neck)
 D - an uncursed ring of flight
 I - an uncursed ring of resist corrosion
 L - a ring of protection from magic (right hand)
 P - the ring of Robustness {AC+8}
   (You found it on level 2 of the Lair of Beasts)

   [ring of protection]

   It affects your AC (+8).
 R - a +6 ring of dexterity
 T - the ring of the Hippo (left hand) {rPois rF+ Str+2 Dex+2 Stlth-}
   (You found it in a labyrinth)

   [ring of loudness]

   It affects your strength (+2).
   It affects your dexterity (+2).
   It protects you from fire.
   It protects you from poison.
   It makes you less stealthy.
 X - the ring "Buatrouss" {rF+ rC- MR+ Stlth+}
   (You found it in a labyrinth)

   [ring of protection from magic]

   It protects you from fire.
   It makes you vulnerable to cold.
   It affects your resistance to hostile enchantments.
   It makes you more stealthy.
Wands
 N - a wand of confusion (24/48)
 W - a wand of flame (41/48)
 Y - a wand of lightning (12/15)
Scrolls
 a - a scroll of torment
 b - 3 scrolls of blinking
 c - 2 scrolls of silence
 h - 9 scrolls of identify
 i - 3 scrolls of enchant weapon
 j - 17 scrolls of remove curse
 l - 9 scrolls of enchant armour
 m - 10 scrolls of teleportation
 t - a scroll of immolation
 x - 5 scrolls of fear
 y - 3 scrolls of fog
 z - 6 scrolls of amnesia
 J - 4 scrolls of recharging
 K - 5 scrolls of brand weapon
 O - a scroll of holy word {unknown}
 S - a scroll of vulnerability {unknown}
 U - a scroll of acquirement {unknown}
Potions
 d - 5 potions of might
 e - 48 potions of blood
 f - 4 potions of invisibility
 k - 5 potions of ambrosia
 o - 5 potions of brilliance
 q - 6 potions of heal wounds
 r - a potion of flight
 s - 3 potions of mutation
 u - 9 potions of haste
 v - 4 potions of resistance
 A - 7 potions of curing
 E - 2 potions of berserk rage
 H - 2 potions of agility
 V - 5 potions of magic


   Skills:
 * Level 11.8 Fighting
 + Level 22.0 Long Blades
 * Level 9.0 Armour
 * Level 14.1 Dodging
 - Level 13.9 Stealth
   Level 2.6 Shields
 * Level 3.9 Spellcasting
 * Level 3.6 Charms
 - Level 4.1 Necromancy
 * Level 3.5 Invocations


You had 21 spell levels left.
You knew the following spells:

 Your Spells              Type           Power        Failure   Level  Hunger
a - Regeneration          Chrm/Necr      ##........   97%         3    ###....


Dungeon Overview and Level Annotations

Branches:
Dungeon (15/15)            Temple (0/1) D:7            Lair (6/6) D:9
  Swamp (4/4) Lair:3        Snake (4/4) Lair:2        Slime (0/5) Lair:6
    Orc (2/2) D:10            Elf (0/3) Orc:2        Vaults (0/5) D:13
 Depths (0/5) D:15

Altars:
Cheibriados
Fedhas
Hepliaklqana
Makhleb
Nemelex Xobeh
Okawaru
Ru
Trog
Uskayaw
Vehumet
Xom
Zin
Beogh

Shops:
D:4 %*:   D:7 ?   D:8 [   Orc:1 [   Orc:2 %%(:?

Portals:
Pandemonium: Orc:2

Annotations:
D:15 exclusion: orange crystal statue
Lair:4 exclusion: 2 oklob plants
Lair:6 exclusion: 2 oklob plants


Innate Abilities, Weirdness & Mutations

You heal slowly.
You have razor-sharp teeth.
You have supernaturally acute eyesight. (SInv)
You can survive without breathing.
You are surrounded by a mild repulsion field. (EV +2)
You possess an exceptional clarity of mind.


Message History

The oklob plant spits acid at you. The splash of acid hits you!
You are splashed with acid!
The acid burns!
The oklob plant spits acid at you. The splash of acid hits you!
The acid corrodes you!
You are splashed with acid!
The acid burns!
You are too injured to fight recklessly!
The oklob plant spits acid at you. The splash of acid hits you!
You are splashed with acid!
The acid burns!
The oklob plant spits acid at you. The splash of acid hits you!
You are splashed with acid!
The acid burns!
* * * LOW HITPOINT WARNING * * *
There is a stone staircase leading up here.
The oklob plant spits acid at you. The splash of acid hits you!
* * * LOW HITPOINT WARNING * * *
The acid corrodes you!
You are splashed with acid!
The acid burns!
* * * LOW HITPOINT WARNING * * *
The oklob plant spits acid at you. The splash of acid hits you!
You die...

## ###### ######P##
###.##P# ...#...###
#.#....#####........#
#........##.........#
##..................#
#........@........#
#....#.#..........# #
##(....#.........## ###
#......)#....>P...# ####..
#......#......P...###P..#.
##...............###......
#.........#..?......##....
#.#...P#####$#P.P......P..
####..P.# ####.#....P....


You could see 2 oklob plants.

Vanquished Creatures
  Jorgrun (Swamp:3)
  A tentacled monstrosity (Swamp:3)
  5 thorn hunters
  Kirke (D:13)
  7 nagarajas (Snake:4)
  Aizul (Snake:3)
  The ghost of Duffy the Cleaver, a journeyman NaGl of Makhleb (Orc:2)
  Azrael (Snake:2)
  Snorg (Orc:1)
  An ettin (Orc:2)
  A minotaur (Lab)
  21 naga warriors
  20 hydras
  Harold (Lair:1)
  Erica (Lair:1)
  A ghost crab (Swamp:4)
  A catoblepas (Lair:6)
  9 anacondas
  9 alligators
  An ogre mage (D:13)
  9 two-headed ogres
  6 tengu warriors
  7 orc high priests (Orc:2)
  6 death yaks (Lair:6)
  A deep troll shaman (Lair:6)
  The ghost of Gorglomux the Slinger, a novice HaHu of Okawaru (D:7)
  7 naga sharpshooters
  5 shock serpents
  A sun demon (Orc:2)
  Sonja (Lair:1)
  2 salamander mystics
  3 skeletal warriors (D:14)
  A spriggan druid (Swamp:3)
  8 swamp dragons
  2 gelid demonspawn (Orc:2)
  An unseen horror (D:13)
  6 naga ritualists
  2 shambling mangroves
  2 necromancers
  2 deep elf magi
  4 orc knights (Orc:2)
  9 mana vipers
  5 cyclopes
  3 oklob plants
  9 orc sorcerers
  A wolf spider (D:14)
  3 salamanders
  4 centaur zombies
  2 rust devils (Orc:2)
  27 naga magi
  22 elephants
  28 black mambas
  4 guardian serpents
  2 torpor snails (Lair:6)
  23 spiny frogs
  A molten gargoyle (Lair:2)
  A gargoyle (D:13)
  11 komodo dragons
  A kobold demonologist (D:14)
  3 ice devils (Orc:2)
  A tengu conjurer (D:11)
  A queen bee (D:9)
  4 polar bears (D:9)
  2 hydra zombies (Swamp:4)
  8 trolls
  13 hornets
  Grinder (D:4)
  3 harpy skeletons
  9 tyrant leeches
  10 bog bodies
  3 blink frogs (Lair:5)
  5 slime creatures (Swamp:1)
  A meliai zombie (D:11)
  10 hippogriffs
  8 spriggans
  A centaur simulacrum (D:15)
  4 redbacks (Lab)
  4 shadows
  23 yaks
  6 basilisks
  A wyvern (Lair:3)
  3 fire bats (Lair:2)
  5 fire elementals (Snake:2)
  5 hungry ghosts
  49 nagas
  A soldier ant (shapeshifter) (D:13)
  22 vampire mosquitoes
  6 wargs
  12 swamp worms
  15 insubstantial wisps
  5 water moccasins
  A soldier ant (D:14)
  5 hell hounds
  6 porcupines
  2 sky beasts
  2 hornet zombies (Swamp:4)
  13 swamp drakes
  5 ice beasts
  9 phantoms
  33 orc warriors
  3 black bears
  10 ogres
  8 centaurs
  A necrophage (D:14)
  36 wolves
  7 crocodiles
  5 big kobolds
  A komodo dragon zombie (Swamp:4)
  4 gnoll sergeants
  11 bullfrogs
  A water moccasin zombie (D:7)
  5 scorpions
  40 killer bees
  7 wights
  2 troll skeletons (Lab)
  An electric eel (Lair:2)
  8 crimson imps
  A bullfrog zombie (D:11)
  8 howler monkeys
  A quasit (D:9)
  A gnoll shaman (D:9)
  11 hounds
  33 orc priests
  21 orc wizards
  A wyvern simulacrum (D:9)
  4 jellies
  Crazy Yiuf (D:5)
  3 bullfrog skeletons
  8 centaur skeletons
  5 iguanas
  4 worker ants
  An ogre skeleton (Lab)
  A hound zombie (D:9)
  A human simulacrum (D:12)
  2 killer bee simulacra (D:9)
  A worker ant zombie (D:10)
  19 gnolls
  A swamp drake zombie (Swamp:4)
  18 adders
  A howler monkey skeleton (D:10)
  2 shadow imps
  4 white imps (D:9)
  A worker ant simulacrum (D:9)
  2 ufetubi (D:9)
  An adder skeleton (D:7)
  3 dart slugs
  3 worms
  An adder simulacrum (D:9)
  2 leopard geckos
  81 orcs
  8 ball pythons
  2 giant cockroaches
  6 goblins
  13 hobgoblins
  15 jackals
  A quokka (D:12)
  5 bats
  4 frilled lizards
  A jackal skeleton (D:4)
  20 kobolds
  A leopard gecko simulacrum (D:9)
  A leopard gecko zombie (D:7)
  A quokka skeleton (D:8)
  4 rats
  2 briar patches
  2 fungi (D:5)
  A plant (Lair:4)
1122 creatures vanquished.

Vanquished Creatures (others)
  A spriggan (Swamp:4)
  A naga (Snake:4)
  3 wights (D:12)
  A crimson imp (D:13)
  A human simulacrum (D:12)
  8 briar patches (Swamp:4)
  2 fungi
  3 plants
20 creatures vanquished.

Grand Total: 1142 creatures vanquished

Notes
Turn   | Place    | Note
-------+----------+-------------------------------------------
     0 | D:1      | retryentry the Vampire Fighter began the quest for the Orb.
     0 | D:1      | Reached XP level 1. HP: 17/17 MP: 1/1
   551 | D:1      | Reached XP level 2. HP: 21/23 MP: 2/2
   942 | D:2      | Found a glowing silver altar of Zin.
  1073 | D:2      | Reached skill level 3 in Long Blades
  1076 | D:2      | Found an iron altar of Okawaru.
  1076 | D:2      | Found a sacrificial altar of Ru.
  1076 | D:2      | Found a burning altar of Makhleb.
  1076 | D:2      | Found a hide-covered altar of Uskayaw.
  1084 | D:2      | Became a worshipper of Warmaster Okawaru
  1255 | D:2      | Found a sparkling altar of Nemelex Xobeh.
  1260 | D:2      | Found a radiant altar of Vehumet.
  1493 | D:3      | Reached XP level 3. HP: 28/28 MP: 3/3
  1685 | D:3      | Reached skill level 4 in Long Blades
  1999 | D:3      | Reached XP level 4. HP: 31/34 MP: 4/4
  2565 | D:3      | Reached skill level 5 in Long Blades
  2749 | D:3      | Reached * piety under Okawaru
  2785 | D:3      | Reached XP level 5. HP: 28/39 MP: 5/5
  2969 | D:4      | Noticed a phantom
  3013 | D:4      | Found Myuxut's General Store.
  3063 | D:4      | HP: 1/39 [poisoned by an adder]
  3403 | D:4      | Found Jayl's Book Shop.
  3563 | D:3      | Killed a phantom
  3563 | D:3      | Reached skill level 6 in Long Blades
  3563 | D:3      | Reached XP level 6. HP: 21/46 MP: 6/6
  4470 | D:4      | Got a twisted scale mail
  4479 | D:4      | Identified the +5 scale mail of the Rose {-Tele Regen+ Str+4 Dex+4} (You found it on level 4 of the Dungeon)
  4559 | D:4      | Noticed Grinder
  4571 | D:4      | Killed Grinder
  4571 | D:4      | Reached ** piety under Okawaru
  4571 | D:4      | Reached skill level 7 in Long Blades
  4571 | D:4      | Reached XP level 7. HP: 51/51 MP: 4/7
  4583 | D:4      | Found a blossoming altar of Fedhas.
  4657 | D:4      | Found Efuabad's Food Boutique.
  4892 | D:4      | Reached skill level 8 in Long Blades
  4967 | D:4      | Found Kooxzex's Book Emporium.
  5098 | D:5      | Entered Level 5 of the Dungeon
  5194 | D:5      | Found a snail-covered altar of Cheibriados.
  5229 | D:5      | Reached skill level 9 in Long Blades
  5279 | D:5      | Reached XP level 8. HP: 49/57 MP: 8/8
  5385 | D:5      | Reached *** piety under Okawaru
  5385 | D:5      | Reached skill level 10 in Long Blades
  5441 | D:5      | Reached skill level 1 in Stealth
  5767 | D:5      | Reached skill level 1 in Invocations
  5924 | D:5      | Found a runed door.
  5928 | D:5      | Noticed Crazy Yiuf
  5936 | D:5      | Killed Crazy Yiuf
  6266 | D:6      | Reached skill level 11 in Long Blades
  6417 | D:6      | Reached **** piety under Okawaru
  6417 | D:6      | Reached XP level 9. HP: 34/63 MP: 10/10
  6649 | D:6      | Reached skill level 5 in Stealth
  6703 | D:7      | Found a hazy altar of Hepliaklqana.
  6747 | D:7      | Found a shimmering altar of Xom.
  6805 | D:7      | Found a staircase to the Ecumenical Temple.
  6833 | D:7      | Noticed Gorglomux's ghost (novice HaHu)
  6852 | D:7      | Received a gift from Okawaru
  6933 | D:7      | Killed Gorglomux's ghost
  6939 | D:7      | Reached skill level 12 in Long Blades
  7064 | D:7      | Reached ***** piety under Okawaru
  7158 | D:7      | Received a gift from Okawaru
  7267 | D:7      | Reached XP level 10. HP: 67/73 MP: 12/12
  7303 | D:7      | Found Nutyteun's Magic Scroll Emporium.
  7306 | D:7      | Bought a scroll of magic mapping for 49 gold pieces
  7415 | D:8      | Found Sioguvimo's Armour Emporium.
  7597 | D:8      | Reached skill level 5 in Fighting
  7836 | D:8      | Got a smoking long sword
  7837 | D:8      | Identified the +9 long sword of Defence {slice, rElec Dex+2 Stlth+} (You found it on level 8 of the Dungeon)
  8050 | D:8      | Reached skill level 1 in Dodging
  8210 | D:9      | Reached skill level 13 in Long Blades
  8313 | D:8      | Received a gift from Okawaru
  8410 | D:9      | Found a bloodstained altar of Trog.
  8529 | D:9      | Reached XP level 11. HP: 45/81 MP: 10/13
  8836 | D:9      | Found a staircase to the Lair.
  8956 | D:8      | Received a gift from Okawaru
  8964 | D:8      | Got a polished long sword {god gift}
  8965 | D:8      | Identified the +9 long sword of Dissatisfaction {freeze, Str+2} (Okawaru gifted it to you on level 8 of the Dungeon)
  9201 | D:9      | Reached skill level 14 in Long Blades
  9269 | D:9      | Reached skill level 5 in Dodging
  9528 | D:10     | Entered Level 10 of the Dungeon
  9655 | D:10     | Found a staircase to the Orcish Mines.
 10249 | D:11     | Noticed a two-headed ogre
 10257 | D:11     | Killed a two-headed ogre
 10257 | D:11     | Received a gift from Okawaru
 10262 | D:11     | Got a pair of shimmering boots {god gift}
 10273 | D:11     | Identified the +1 pair of boots of Weirdness {Dex+3} (Okawaru gifted it to you on level 11 of the Dungeon)
 10439 | D:11     | Noticed a tengu warrior
 10440 | D:11     | Noticed a two-headed ogre
 10460 | D:11     | Killed a tengu warrior
 10471 | D:11     | Killed a two-headed ogre
 10529 | D:11     | Reached XP level 12. HP: 92/92 MP: 14/14
 10627 | D:11     | Noticed a two-headed ogre
 10633 | D:11     | Killed a two-headed ogre
 10633 | D:11     | Reached ****** piety under Okawaru
 10633 | D:11     | Reached skill level 5 in Armour
 11437 | Orc:1    | Entered Level 1 of the Orcish Mines
 11443 | Orc:1    | Noticed Snorg
 11458 | Orc:1    | Killed Snorg
 11725 | Orc:1    | Found Deivugh's Armour Shoppe.
 11856 | Orc:2    | Entered Level 2 of the Orcish Mines
 11856 | Orc:2    | Noticed an ettin
 11866 | Orc:2    | Killed an ettin
 11880 | Orc:2    | Found a roughly hewn altar of Beogh.
 11935 | Orc:2    | Found Tihuclick's Magic Scroll Shoppe.
 11972 | Orc:2    | Bought a scroll of enchant armour for 135 gold pieces
 12328 | Orc:2    | Found a staircase to the Elven Halls.
 12348 | Orc:2    | Received a gift from Okawaru
 12382 | Orc:2    | Reached skill level 15 in Long Blades
 12397 | Orc:2    | Noticed a two-headed ogre
 12411 | Orc:2    | Killed a two-headed ogre
 12486 | Orc:2    | Noticed Duffy's ghost (journeyman NaGl)
 12559 | Orc:2    | Killed Duffy's ghost
 12574 | Orc:2    | Noticed a two-headed ogre
 12577 | Orc:2    | Killed a two-headed ogre
 12710 | Orc:2    | Found Bysm's Food Boutique.
 12782 | Orc:2    | Reached XP level 13. HP: 81/101 MP: 15/15
 12893 | Orc:2    | Found Qevom's Food Shop.
 13589 | Orc:2    | Reached skill level 10 in Stealth
 13804 | Orc:2    | Paralysed by an orc sorcerer for 4 turns
 13865 | Orc:2    | Received a gift from Okawaru
 13921 | Orc:2    | Found Qiustroa's Book Emporium.
 13921 | Orc:2    | Found Zilenkik's Antique Weapon Shoppe.
 13922 | Orc:2    | Found a one-way gate leading to the halls of Pandemonium.
 13929 | Orc:2    | Reached skill level 16 in Long Blades
 14435 | D:13     | Reached skill level 10 in Fighting
 14494 | D:13     | Found a gate to the Vaults.
 14544 | D:13     | Reached skill level 10 in Dodging
 14586 | D:13     | Noticed Kirke
 14757 | D:13     | Killed Kirke
 14757 | D:13     | Reached XP level 14. HP: 99/110 MP: 13/16
 15151 | D:14     | Received a gift from Okawaru
 15157 | D:14     | Got an ichor-stained chain mail {god gift}
 15168 | D:14     | Identified the +9 chain mail of Bepsut {rElec rPois Int-2 Dex+5} (Okawaru gifted it to you on level 14 of the Dungeon)
 15657 | D:15     | Entered Level 15 of the Dungeon
 16039 | D:15     | Found a staircase to the Depths.
 16626 | Lair:1   | Entered Level 1 of the Lair of Beasts
 16811 | Lair:1   | Noticed Harold
 16835 | Lair:1   | Killed Harold
 17059 | Lair:1   | Noticed Erica
 17080 | Lair:1   | Killed Erica
 17080 | Lair:1   | Received a gift from Okawaru
 17207 | Lair:1   | Noticed Sonja
 17214 | Lair:1   | Killed Sonja
 17631 | Lair:2   | Found a staircase to the Snake Pit.
 17659 | Lair:2   | Reached skill level 17 in Long Blades
 18260 | Lair:3   | Found a staircase to the Swamp.
 18271 | Lair:3   | Found a labyrinth entrance.
 18290 | Lab      | Entered a labyrinth
 18497 | Lab      | Noticed Gorglomux's ghost (journeyman HaHu)
 18655 | Lab      | Received a gift from Okawaru
 18672 | Lab      | Got a sparkling golden ring
 18672 | Lab      | Got a coiled wooden ring
 18700 | Lab      | Identified the ring of the Hippo {rPois rF+ Str+2 Dex+2 Stlth-} (You found it in a labyrinth)
 18702 | Lab      | Identified the ring "Buatrouss" {rF+ rC- MR+ Stlth+} (You found it in a labyrinth)
 18816 | Lair:3   | Reached XP level 15. HP: 118/118 MP: 17/17
 20998 | Lair:5   | Learned a level 3 spell: Regeneration
 21665 | Lair:6   | Entered Level 6 of the Lair of Beasts
 21665 | Lair:6   | Found a staircase to the Slime Pits.
 22912 | Lair:6   | Received a gift from Okawaru
 23291 | Swamp:1  | Entered Level 1 of the Swamp
 23375 | Swamp:1  | Reached skill level 18 in Long Blades
 24292 | Swamp:2  | Reached XP level 16. HP: 107/127 MP: 18/18
 24293 | Swamp:2  | Noticed a thorn hunter
 24309 | Swamp:2  | Killed a thorn hunter
 24479 | Swamp:2  | Received a gift from Okawaru
 24482 | Swamp:2  | Got a pair of faintly humming boots {god gift}
 24493 | Swamp:2  | Identified the +0 pair of boots of Pride {rF++ Regen+ Dex-2 Slay+3} (Okawaru gifted it to you on level 2 of the Swamp)
 24735 | Swamp:2  | Noticed a thorn hunter
 24741 | Swamp:2  | Killed a thorn hunter
 25153 | Swamp:3  | Noticed a tentacled monstrosity
 25163 | Swamp:3  | Killed a tentacled monstrosity
 25163 | Swamp:3  | Reached skill level 19 in Long Blades
 25446 | Swamp:3  | Noticed Jorgrun
 25456 | Swamp:3  | Killed Jorgrun
 25974 | Swamp:4  | Entered Level 4 of the Swamp
 26099 | Swamp:4  | Noticed a thorn hunter
 26199 | Swamp:4  | Reached skill level 20 in Long Blades
 26219 | Swamp:4  | Received a gift from Okawaru
 26222 | Swamp:4  | Got a faintly humming hat {god gift}
 26229 | Swamp:4  | Identified the +0 hat "Uloohed" {MR+ Int+4} (Okawaru gifted it to you on level 4 of the Swamp)
 26462 | Swamp:4  | Killed a thorn hunter
 26691 | Swamp:4  | Got a decaying rune of Zot
 26728 | Swamp:4  | Noticed a thorn hunter
 26738 | Swamp:4  | Noticed a thorn hunter
 26746 | Swamp:4  | Killed a thorn hunter
 26765 | Swamp:4  | Killed a thorn hunter
 27185 | Snake:1  | Entered Level 1 of the Snake Pit
 27358 | Snake:1  | Reached XP level 17. HP: 133/133 MP: 19/19
 28165 | Snake:2  | Noticed Azrael
 28174 | Snake:2  | Killed Azrael
 28421 | Snake:2  | Gained mutation: You possess an exceptional clarity of mind. [potion of mutation]
 28421 | Snake:2  | Gained mutation: You are surrounded by a mild repulsion field. (EV +2) [potion of mutation]
 28599 | Snake:2  | Received a gift from Okawaru
 28599 | Snake:2  | Reached skill level 21 in Long Blades
 28878 | Snake:3  | Found a flickering gateway to a bazaar.
 28887 | Bazaar   | Entered a bazaar
 28895 | Bazaar   | Found Upokhaw's Assorted Antiques.
 28934 | Bazaar   | Found Kosilyja's Jewellery Shop.
 28943 | Bazaar   | Found Ufill's Antique Weapon Emporium.
 28983 | Bazaar   | Found Der Vud's Gadget Emporium.
 29056 | Bazaar   | Bought an uncursed amulet of regeneration for 510 gold pieces
 29056 | Bazaar   | Bought an uncursed ring of resist corrosion for 340 gold pieces
 29099 | Bazaar   | Bought a scroll of teleportation for 69 gold pieces
 29605 | Snake:3  | Found an iron altar of Okawaru.
 29664 | Snake:3  | Noticed Aizul
 29677 | Snake:3  | Killed Aizul
 29701 | Snake:3  | Reached skill level 1 in Necromancy
 29701 | Snake:3  | Reached skill level 1 in Spellcasting
 29929 | Snake:3  | Reached skill level 1 in Charms
 30050 | Snake:4  | Entered Level 4 of the Snake Pit
 30310 | Snake:4  | Found a hide-covered altar of Uskayaw.
 30468 | Snake:4  | Received a gift from Okawaru
 30503 | Snake:4  | Got a pitted great sword {god gift}
 30510 | Snake:4  | Identified the +2 great sword of Quick Death {venom, rElec rPois rF+ Int-5} (Okawaru gifted it to you on level 4 of the Snake Pit)
 30823 | Snake:4  | Reached XP level 18. HP: 105/140 MP: 23/23
 31030 | Snake:4  | Reached skill level 22 in Long Blades
 31241 | Snake:4  | Received a gift from Okawaru
 31257 | Snake:4  | Got a faintly humming plate armour {god gift}
 31408 | Snake:4  | Identified the +1 plate armour of Analysis {+Inv rPois MR- rCorr} (Okawaru gifted it to you on level 4 of the Snake Pit)
 31463 | Snake:4  | Got a serpentine rune of Zot
 31965 | Lair:6   | Killed from afar by an oklob plant

Vault maps used:
D:1:      lightli_arrival_statuegarden, due_unseen_surprise
D:2:      nicolae_overflow_hidden_temple, minmay_overflow_temple_hex
D:3:      minmay_snake_closets
D:4:      serial_shops, shop, shop, shop, shop, minmay_misc_feat_alley,
          fedhas_altar_fruit_tree, uniq_grinder
D:5:      lemuel_doored_altar, first_bread, uniq_crazy_yiuf_cottage
D:7:      nicolae_overflow_crystal_walls, minmay_temple_entry_glass,
          basic_altar, serial_shops, kennysheep_mini, the_bakery
D:8:      serial_shops, shop
D:9:      kennysheep_housing_project, lemuel_crystal_altar,
          minmay_lair_entry_lava, serial_ice, serial_ice_a, serial_ice_l,
          serial_ice_f, serial_ice_h, serial_ice_g, serial_ice_n, serial_ice_b,
          serial_ice_d, special_room
D:10:     orc_0_dummy
D:12:     bh_circular_ruins
D:13:     david_vaults_2, uniq_kirke
D:14:     minmay_misc_feat_encased, kennysheep_generic_room_13
D:15:     grunt_enter_depths_magical_seal, serial_shops, statue_bzr,
          nicolae_shop_trees, shop_fountains, serial_bayou_pond_b, special_room,
          nicolae_blasting_shop
Lair:1:   infiniplex_staircase_pool_2, grunt_megastairs_2, uniq_harold,
          uniq_sonja, uniq_erica
Lair:2:   minmay_snake_entry_guardpost_small, serial_bayou_shore_a,
          serial_bayou_shore_b, infiniplex_staircase_pool
Lair:3:   swamp_mist, lab_entry_generic, grunt_megastairs_4
Lair:4:   kennysheep_basilisk_garden, minmay_lair_oklob_chamber
Lair:5:   beast_lair_carwin_8, lemuel_fruit_fields
Lair:6:   grunt_lair_end_beastmaster, minmay_slime_entry_oklob_open
Swamp:1:  serial_swamp_ruin, evilmike_swamp_ruin_house_4,
          evilmike_swamp_ruin_rubble_1, hangedman_swamp_pad
Swamp:2:  evilmike_swamp_ruin_house_2
Swamp:3:  nicolae_swamp_dense_foliage, swamp_pool5, uniq_jorgrun
Swamp:4:  swamp, swamp_pool2, nicolae_swamp_necromancer_hut
Snake:2:  dpeg_oklob_gauntlet, uniq_azrael
Snake:3:  basic_altar, serial_shops, freezing_bzr, uniq_aizul
Snake:4:  snake_pit, basic_altar, basic_stair_grate_trap
Orc:1:    serial_shops, shop, shop_statue, uniq_snorg
Orc:2:    pf_orc_diabolical, basic_altar, serial_shops, shop
Lab:      labyrinth_hidden_loot, nicolae_lab_x, lab_fountain,
          nicolae_lab_t_cross, lab_block, nicolae_lab_plus, nicolae_lab_diamond,
          lab_statue, nicolae_lab_blocks, nicolae_lab_lava, nicolae_lab_do_over
Bazaar:   bazaar_jpeg_ninerooms_4

Skill      XL: |  1  2  3  4  5  6  7  8  9 10 11 12 13 14 15 16 17 18 |
---------------+-------------------------------------------------------+-----
Long Blades    | 3 4 5 6 7 9 11 12 13 14 15 16 17 18 20 21 22 | 22.0
Stealth        | 4 7 9 11 12 13 | 13.9
Invocations    | 2 3 |  3.5
Fighting       | 3 4 6 7 9 10 11 | 11.8
Dodging        | 3 7 8 10 11 12 13 14 | 14.1
Armour         | 3 4 5 6 7 8 9 |  9.0
Necromancy     | 3 4 |  4.1
Spellcasting   | 3 |  3.9
Charms         | 2 3 |  3.6
Shields        | |  2.6

Action                   |  1- 3 |  4- 6 |  7- 9 | 10-12 | 13-15 | 16-18 || total
-------------------------+-------+-------+-------+-------+-------+-------++-------
Melee: Long sword        |   113 |   215 |   461 |   837 |  1214 |       ||  2840
       Bite              |    12 |    31 |    80 |   146 |   346 |   182 ||   797
       Scimitar          |       |       |       |       |    36 |       ||    36
       Triple sword      |       |       |       |       |    95 |   854 ||   949
Invok: Heroism           |       |     1 |     5 |    13 |    14 |    16 ||    49
       Finesse           |       |       |       |       |     1 |     1 ||     2
 Abil: End Transformatio |       |       |       |       |     1 |       ||     1
       Bat Form          |       |       |       |       |     1 |       ||     1
Evoke: Wand              |       |       |       |       |     1 |       ||     1
  Use: Potion            |     2 |     9 |     5 |    16 |    15 |    10 ||    57
       Scroll            |       |    11 |     1 |     6 |    17 |     6 ||    41
 Stab: Sleeping          |       |       |    10 |     8 |    40 |    20 ||    78
       Distracted        |       |       |     1 |     3 |     5 |     3 ||    12
       Petrified         |       |       |       |       |     5 |       ||     5
  Eat: Corpse            |     1 |       |       |       |     2 |       ||     3
Armor: Scale mail        |    50 |    64 |   157 |   281 |    44 |       ||   596
       Plate armour      |       |    49 |       |       |       |       ||    49
       Chain mail        |       |       |       |       |   417 |   440 ||   857
Dodge: Dodged            |    27 |    29 |    95 |   414 |   593 |   755 ||  1913
Block: Shield            |    44 |    86 |   203 |   311 |   337 |       ||   981
       Buckler           |       |       |       |    97 |   133 |       ||   230
       Reflection        |       |       |       |       |     1 |       ||     1
       Rpst.: Long sword |     5 |    13 |    36 |    95 |   141 |       ||   290
       Triple sword      |       |       |       |       |    17 |   158 ||   175
       Scimitar          |       |       |       |       |     2 |       ||     2
